 Dungeon Crawl Stone Soup version 0.26.1-11-gd32895ea62 (webtiles) character file.

Game seed: 3205806735443572836

93 Zeld the Cudgeller (level 4, 37/37 HPs)
             Began as a Draconian Gladiator on June 13, 2021.
             Quit the game on level 2 of the Dungeon.
             The game lasted 00:03:34 (2437 turns).

Zeld the Cudgeller (Draconian Gladiator)            Turns: 2437, Time: 00:03:35

Health: 37/37      AC:  5    Str: 17    XL:     4   Next: 37%
Magic:  4/4        EV: 13    Int:  8    God:
Gold:   107        SH:  0    Dex: 13    Spells: 3/3 levels left

rFire    . . .     SeeInvis .   a - +0 flail
rCold    . . .     Faith    .   (no shield)
rNeg     . . .     Spirit   .   (armour unavailable)
rPois    +         Reflect  .   b - +0 hat
rElec    .         Harm     .   (no cloak)
rCorr    .         Rampage  .   (no gloves)
Will     .....                  (no boots)
Stlth    +.........             (no amulet)
HPRegen  0.12/turn              n - ring of poison resistance
MPRegen  0.09/turn              (no ring)

@: about to teleport
A: unfitting armour, cold-blooded, AC +5
a: no special abilities


You were on level 2 of the Dungeon.
You visited 1 branch of the dungeon, and saw 2 of its levels.

You collected 107 gold pieces.

Inventory:

Hand Weapons
 a - a +0 flail (weapon)
Missiles
 c - 3 throwing nets (quivered)
 f - 19 stones
Armour
 b - a +0 hat (worn)
Jewellery
 n - a ring of poison resistance (left hand)
Scrolls
 d - 2 scrolls of fog {unknown}
 e - 2 scrolls of identify {unknown}
 g - a scroll of fear {unknown}
 h - 4 scrolls of teleportation
 i - a scroll of immolation {unknown}
 l - a scroll of amnesia {unknown}
 m - a scroll of remove curse {unknown}
Potions
 j - a potion of berserk rage {unknown}
 k - 2 potions of curing {unknown}


   Skills:
 + Level 2.9 Fighting
 * Level 3.8 Maces & Flails
 * Level 2.8 Throwing
 + Level 3.1 Dodging


You had 3 spell levels left.
You didn't know any spells.
Your spell library was empty.

Dungeon Overview and Level Annotations

Branches:
Dungeon (2/15)

Altars:


Innate Abilities, Weirdness & Mutations

Your plain brown scales are hard. (AC +5)
You cannot fit into any form of body armour.
You are cold-blooded and may be slowed by cold attacks.


Message History

You see here a +0 club.
You see here a +0 club.
Key pressed, stopping explore.
Things that are here:
a +0 club; a +0 robe Done exploring.
No target in view!
Done exploring.
No target in view!
No target in view!
Done exploring.
Done exploring.
Search for what [Enter for "throw", or ? for help]?
n - a ring of poison resistance (left hand) Drop what? 14/52 slots (_ for help) (? for menu, Esc to quit)
Okay, then.
As you read the scroll labelled KANASM KEIRO, it crumbles to dust.
You feel strangely unstable.
It was a scroll of teleportation.
Okay, then.
Are you sure you want to abandon this character and quit the game? (Confirm with "yes".)

####.# #.########.# #
#.# #..........####
#.# #.###..........
#.# ########.#
#..######## #.#
##.....##.###.##
#.#####..###.##.....#
#...†..#.# #.)....###
#######..###.######
##....@# #######


There were no monsters in sight!

Vanquished Creatures
  Jessica (D:2)
  An adder (D:2)
  3 worms (D:2)
  2 leopard geckos (D:1)
  A giant cockroach (D:2)
  7 goblins
  7 hobgoblins
  7 kobolds
  2 quokkas (D:2)
  A ball python (D:2)
  7 bats
  2 frilled lizards
  6 rats
47 creatures vanquished.

Notes
Turn   | Place    | Note
-------+----------+-------------------------------------------
     0 | D:1      | Zeld the Draconian Gladiator began the quest for the Orb.
     0 | D:1      | Reached XP level 1. HP: 17/17 MP: 1/1
   290 | D:1      | Reached XP level 2. HP: 20/25 MP: 2/2
  1175 | D:2      | Reached XP level 3. HP: 24/30 MP: 3/3
  1405 | D:2      | Noticed Jessica
  1435 | D:2      | Killed Jessica
  1436 | D:2      | Reached XP level 4. HP: 6/37 MP: 4/4
  2238 | D:2      | Found a faded altar of an unknown god.
  2437 | D:2      | Quit the game

Illustrated notes

Levels and vault maps discovered:
D:1:      co_arrival_square_in_a_square_in_a_square, layout_basic,
          corexii_corridor_pit
D:2:      layout_loops_ring, chequers_ecumenical_altar_twisty, uniq_jessica

Skill      XL: |  1  2  3 |
---------------+----------+-----
Throwing       | 2 |  2.8
Dodging        | 3 |  3.1
Fighting       | |  2.9
Maces & Flails | |  3.8

Action                   |  1- 3 |  4- 6 || total
-------------------------+-------+-------++-------
Melee: Flail             |    95 |    39 ||   134
       Tailslap          |    10 |     6 ||    16
  Use: Scroll            |       |     1 ||     1
Armor: Skin              |    27 |    15 ||    42
Dodge: Dodged            |    74 |    29 ||   103
